 Dungeon Crawl Stone Soup version 0.29-a0-284-gf9362112df (webtiles) character file.

Game seed: 4453121891532157642

4340 YayAnonymity the Basher (level 10, -1/98 HPs)
             Began as a Troll Berserker on Mar 20, 2022.
             Was an Elder of Trog.
             Slain by Erica
             ... wielding a +2 scimitar of flaming
              (3 damage)
             ... on level 8 of the Dungeon.
             The game lasted 00:16:36 (6576 turns).

YayAnonymity the Basher (Troll Berserker)           Turns: 6576, Time: 00:16:37

Health: -1/98      AC: 11    Str: 31    XL:     10   Next: 12%
Magic:  9/9        EV: 11    Int: 10    God:    Trog [****..]
Gold:   241        SH:  0    Dex: 11    Spells: 9/9 levels left

rFire   x . .      SeeInvis .   a - +8 giant spiked club of the Absolute Madman {vorpal, rF- rC+ Str+4 Int+5}
rCold   + + .      Faith    .   (shield currently unavailable)
rNeg    + . .      Spirit   .   r - +2 robe {rN+}
rPois   .          Reflect  .   (helmet restricted)
rElec   .          Harm     .   o - +0 cloak
rCorr   .          Rampage  .   (gloves unavailable)
Will    .....                   (boots unavailable)
Stlth   +.........              e - amulet of the acrobat
HPRegen 1.06/turn               b - +4 ring of protection
MPRegen 0.11/turn               t - ring of protection from cold

@: no status effects
A: large, unfitting armour, claws 3, regeneration 1, shaggy fur 1, tough skin 1
a: Renounce Religion, Berserk, Trog's Hand, Brothers in Arms


You were on level 8 of the Dungeon.
You worshipped Trog.
Trog was greatly pleased with you.
You visited 2 branches of the dungeon, and saw 9 of its levels.

You collected 406 gold pieces.
You spent 165 gold pieces at shops.

Inventory:

Hand Weapons
 a - the +8 giant spiked club of the Absolute Madman (weapon) {vorpal, rF- rC+ Str+4 Int+5}
   (You bought it in a shop on level 3 of the Dungeon)

   It inflicts extra damage upon your enemies.
   Str:       It affects your strength (+4).
   Int:       It affects your intelligence (+5).
   rF:        It makes you vulnerable to fire.
   rC:        It protects you from cold.
 p - a +3 war axe of electrocution
 q - a +0 giant spiked club
Missiles
 d - 30 poisoned darts (quivered)
Armour
 o - a +0 cloak (worn)
 r - a +2 robe of positive energy (worn)
Jewellery
 b - a +4 ring of protection (left claw)
 e - an amulet of the acrobat (around neck)
 t - a ring of protection from cold (right claw)
Wands
 h - a wand of paralysis (5)
Scrolls
 c - a scroll of blinking
 f - 2 scrolls of magic mapping
 i - 2 scrolls of enchant armour
 k - 5 scrolls of teleportation
 s - 3 scrolls of enchant weapon
 u - a scroll of holy word
Potions
 g - 2 potions of haste
 j - 3 potions of mutation
 l - 3 potions of curing
 m - 3 potions of attraction
 n - 2 potions of might


   Skills:
 + Level 5.6 Fighting
 + Level 10.0 Maces & Flails
 - Level 2.0 Throwing
 + Level 5.6 Dodging
 - Level 5.0 Unarmed Combat


You had 9 spell levels left.
You didn't know any spells.
Your spell library was empty.

Dungeon Overview and Level Annotations

Branches:
Dungeon (8/15)             Temple (1/1) D:6            Lair (0/6) D:8

Altars:
Ashenzari
Cheibriados
Dithmenos
Elyvilon
Kikubaaqudgha
Makhleb
Nemelex Xobeh
Qazlal
Sif Muna
Trog
Uskayaw
Wu Jian
Yredelemnul
Zin
The Shining One
Lugonu

Shops:
D:1 [   D:3 (   D:7 [

Portals:
Abyss: D:4

Annotations:
D:8 Erica


Innate Abilities, Weirdness & Mutations

You are too large for most types of armour.
You have claws for hands.
Your natural rate of healing is unusually fast.
You are covered in fur. (AC +1)
You have tough skin. (AC +1)


Message History

You completely miss the orc. The orc barely misses you.
The orc closely misses you.
You bludgeon the orc!!
You kill the orc!
Trog accepts your kill. The orc completely misses you.
You closely miss the orc. The orc hits you but does no damage. x2
You barely miss the orc. The orc barely misses you.
You barely miss the orc. The orc barely misses you.
You closely miss the orc. The orc barely misses you.
You impale the orc!!
You kill the orc!
Trog accepts your kill.
You see here a +0 dagger.
You now have 232 gold pieces (gained 11).
You see here a +0 dagger.
You see here a +0 club.
Items here: ))) [ ††.
You now have 241 gold pieces (gained 9).
Erica the Fiery-Tempered comes into view.
She is wielding a +2 scimitar of flaming.
Erica shouts!
Erica gestures wildly while chanting.
Erica flickers and vanishes!
Deactivating autopickup; reactivate with Ctrl-A.
Something barely misses you.
You miss something. Something hits you but does no damage.
You miss something. Something hits you. Something burns you.
You impale something!! Something hits you! Something burns you!
Something hits you. Something burns you.
You closely miss something. Something hits you. Something burns you.
You barely miss something. Something hits you! Something burns you.
You impale something!! Something hits you! Something burns you!
Something hits you!
* * * LOW HITPOINT WARNING * * *
Something burns you!
* * * LOW HITPOINT WARNING * * *
You miss something. Something hits you!
* * * LOW HITPOINT WARNING * * *
Something burns you.
You die...

######### #.{......
###@###########
#.............#
#.#.#########.#
#.#.# #.# #.#.# #.#
.# #.#.. #.#####.
#.###.#######.......
#. .........#####.
## .#######.#####.


There were no monsters in sight!

Vanquished Creatures
  Pikel (D:6)
  The ghost of sammy202020 the Skirmisher, an amateur MiBe of Trog (D:4)
  Prince Ribbit (D:8)
  3 yaks
  Grum (D:8)
  2 orc warriors
  A black bear (D:5)
  3 ice beasts
  A sky beast (D:6)
  A hornet zombie (D:4)
  2 wolves (D:8)
  3 ogres
  3 centaurs
  A lemure (D:6)
  2 phantoms
  3 kobold brigands
  2 bullfrogs
  A necrophage (D:7)
  3 scorpions
  2 electric eels (D:7)
  3 howler monkeys
  A bullfrog zombie (D:4)
  3 hounds
  4 jellies
  A gnoll shaman (D:5)
  2 orc wizards
  2 iguanas (D:5)
  A killer bee zombie (D:4)
  5 gnolls (D:5)
  3 adders
  A shadow imp (D:6)
  2 ufetubi
  2 worms
  2 dart slugs
  18 orcs
  6 ball pythons
  6 bats
  14 endoplasms
  3 giant cockroaches
  6 goblins
  10 hobgoblins
  3 jackals (D:1)
  2 quokkas
  A frilled lizard (D:2)
  25 kobolds
  5 rats
168 creatures vanquished.

Vanquished Creatures (others)
  19 fungi
  A lurking horror (D:4)
  7 plants (D:2)
  5 toadstools (D:3)
32 creatures vanquished.

Grand Total: 200 creatures vanquished

Notes
Turn   | Place    | Note
-------+----------+-------------------------------------------
     0 | D:1      | YayAnonymity the Troll Berserker began the quest for the
                  | Orb.
     0 | D:1      | Reached XP level 1. HP: 22/22 MP: 0/0
    30 | D:1      | Reached skill level 1 in Unarmed Combat
    33 | D:1      | Reached XP level 2. HP: 29/29 MP: 1/1
   201 | D:1      | Reached skill level 3 in Maces & Flails
   394 | D:1      | Found Toupsec's Armour Emporium.
   490 | D:1      | Reached XP level 3. HP: 36/36 MP: 2/2
   651 | D:2      | Reached ** piety under Trog
   988 | D:2      | Found a faded altar of an unknown god.
  1682 | D:3      | Reached XP level 4. HP: 40/44 MP: 3/3
  1739 | D:3      | Reached XP level 5. HP: 38/50 MP: 4/4
  1790 | D:3      | Found Vacs's Antique Weapon Shop.
  1805 | D:3      | Bought a smouldering giant spiked club for 165 gold pieces
  1805 | D:3      | Identified the +8 giant spiked club of the Absolute Madman
                  | {vorpal, rF- rC+ Str+4 Int+5} (You bought it in a shop on
                  | level 3 of the Dungeon)
  2120 | D:4      | Reached *** piety under Trog
  2121 | D:4      | Reached skill level 4 in Maces & Flails
  2260 | D:4      | Reached XP level 6. HP: 41/59 MP: 5/5
  2309 | D:4      | Found a one-way gate to the infinite horrors of the Abyss.
  2311 | D:4      | Found a corrupted altar of Lugonu.
  2575 | D:4      | Found a runed translucent gate.
  2576 | D:4      | Found a runed translucent gate.
  2576 | D:4      | Noticed sammy202020's ghost (amateur MiBe)
  2577 | D:4      | Found a runed translucent gate.
  2630 | D:4      | Killed sammy202020's ghost
  2631 | D:4      | Reached skill level 5 in Maces & Flails
  2631 | D:4      | Reached skill level 1 in Throwing
  2631 | D:4      | Reached skill level 5 in Unarmed Combat
  2631 | D:4      | Reached XP level 7. HP: 66/66 MP: 6/6
  2644 | D:4      | Reached skill level 6 in Maces & Flails
  2687 | D:5      | Entered Level 5 of the Dungeon
  2947 | D:5      | Reached XP level 8. HP: 72/74 MP: 7/7
  3223 | D:5      | Reached skill level 7 in Maces & Flails
  3466 | D:5      | Reached **** piety under Trog
  3488 | D:5      | Identified the +2 robe of the Intense Jabberwock {rPois
                  | Will- Dex+3}
  3843 | D:6      | Found a staircase to the Ecumenical Temple.
  3862 | Temple   | Entered the Ecumenical Temple
  4112 | D:6      | Reached skill level 8 in Maces & Flails
  4403 | D:6      | Noticed Pikel
  4454 | D:6      | Killed Pikel
  4455 | D:6      | Reached XP level 9. HP: 82/85 MP: 8/8
  5479 | D:7      | Found a burning altar of Makhleb.
  5487 | D:7      | Reached skill level 9 in Maces & Flails
  5611 | D:7      | Found a stormy altar of Qazlal.
  5707 | D:7      | Found Yto Oclukh's Antique Armour Emporium.
  5793 | D:7      | Found a bloodstained altar of Trog.
  6094 | D:7      | Reached skill level 5 in Fighting
  6098 | D:7      | Reached skill level 5 in Dodging
  6227 | D:8      | Noticed Grum
  6240 | D:8      | Killed Grum
  6308 | D:8      | Noticed Prince Ribbit
  6314 | D:8      | Killed Prince Ribbit
  6361 | D:8      | Found a staircase to the Lair.
  6367 | D:8      | Reached XP level 10. HP: 96/96 MP: 9/9
  6401 | D:8      | Reached skill level 10 in Maces & Flails
  6564 | D:8      | Noticed Erica
  6576 | D:8      | HP: 2/98 [something (10)]
  6576 | D:8      | Slain by Erica

Illustrated notes

Levels and vault maps discovered:
D:1:      erik_arrival_blinker_ship, layout_loops_ring, serial_shops, shop
D:2:      layout_rooms, shapermc_ecumenical_altar_mp_urbaneastern,
          grunt_decor_arrowhead, hex_medium
D:3:      cheibrodos_fertilizer, layout_basic, serial_shops, nicolae_shop_trees
D:4:      layout_rooms, gammafunk_ghost_necromancy,
          amcnicky_altar_lugonu_corruption
D:5:      layout_loops_ring, hangedman_abyss_or_decor_stagger,
          grunt_ministairs_4
D:6:      layout_layer_cave, minmay_temple_entry_junction_2, uniq_pikel
D:7:      layout_loops_ring, old_standard_altar,
          mainiacjoe_overflow_catch_the_wave, serial_shops, shop,
          nicolae_concentric_dashed_squares_wild
D:8:      layout_loops_ring, lair_entry_dummy, grunt_ministairs_9, uniq_erica,
          uniq_prince_ribbit1, uniq_grum
Temple:   minmay_temple_bridge_abc

Skill      XL: |  1  2  3  4  5  6  7  8  9 10 |
---------------+-------------------------------+-----
Unarmed Combat | 1 2 3 4 5 |  5.0
Maces & Flails | 3 4 5 6 8 9 10 | 10.0
Throwing       | 1 2 |  2.0
Fighting       | 4 5 |  5.6
Dodging        | 4 5 |  5.6

Action                   |  1- 3 |  4- 6 |  7- 9 | 10-12 || total
-------------------------+-------+-------+-------+-------++-------
Melee: Unarmed           |   115 |    15 |       |       ||   130
       War axe           |       |     7 |       |       ||     7
       Giant spiked club |       |    52 |   172 |    36 ||   260
Throw: Dart              |       |     2 |     5 |       ||     7
Invok: Berserk           |     3 |     2 |     6 |       ||    11
       Trog's Hand       |       |       |     1 |       ||     1
  Use: Scroll            |       |     8 |     8 |       ||    16
       Potion            |       |       |     1 |       ||     1
Armor: Animal skin       |    32 |    28 |    26 |       ||    86
       Robe              |       |       |    43 |    15 ||    58
Dodge: Dodged            |    51 |    43 |   140 |    22 ||   256

Table legend: (Time is in decaauts)
 A = Elapsed time spent in this place.
 B = Non-inter-level travel time spent in this place.
 C = Inter-level travel time spent in this place.
 D = Time resting spent in this place.
 E = Time spent auto-exploring this place.
 F = Levels seen in this place.
 G = Mean time per level.
                   A        B        C        D        E       F      G
               +--------+--------+--------+--------+--------+-----+--------+
         Total |   6798 |   6324 |    474 |    298 |   4416 |   9 |  755.3 |
       Dungeon |   6603 |   6151 |    452 |    298 |   4249 |   8 |  825.4 |
        Temple |    194 |    172 |     22 |      0 |    167 |   1 |  194.0 |
               +--------+--------+--------+--------+--------+-----+--------+

Top non-repeatable levels by time:
     D:6: 1367 daAuts
     D:3: 1017 daAuts
     D:5: 1003 daAuts
     D:7: 940 daAuts
     D:4: 691 daAuts
     D:1: 591 daAuts
     D:2: 535 daAuts
     D:8: 456 daAuts
  Temple: 194 daAuts
